 Dungeon Crawl Stone Soup version 0.28.0-53-g5a82cb258f (webtiles) character file.

Game seed: 14922463267125594797

3415 Infinimo the Basher (level 10, 0/160 HPs)
             Began as an Ogre Gladiator on June 3, 2022.
             Was a Believer of Okawaru.
             Succumbed to a killer bee's poison
             ... on level 6 of the Dungeon.
             The game lasted 00:10:43 (10180 turns).

Infinimo the Basher (Ogre Gladiator)               Turns: 10180, Time: 00:10:44

Health: 0/160      AC: 25    Str: 24    XL:     10   Next: 5%
Magic:  10/10      EV:  1    Int:  9    God:    Okawaru [**....]
Gold:   195        SH:  0    Dex: 10    Spells: 9/9 levels left

rFire   . . .      SeeInvis .   m - +0 morningstar (freeze)
rCold   + . .      Faith    .   (no shield)
rNeg    . . .      Spirit   .   (armour currently unavailable)
rPois   +          Reflect  .   (helmet currently unavailable)
rElec   .          Harm     .   (cloak currently unavailable)
rCorr   .          Rampage  .   (gloves unavailable)
Will    +....      NoTele   +   (boots unavailable)
Stlth   +.........              (no amulet)
HPRegen 0.36/turn               k - ring of protection from cold
MPRegen 0.12/turn               p - ring of poison resistance

@: lethally poisoned (0 -> -6), tree-form, attractive, very slow
A: stationary, stasis, torment immunity, boosted hp, large, unfitting armour,
(tough skin 1)
a: Renounce Religion, Heroism


You were on level 6 of the Dungeon.
You worshipped Okawaru.
Okawaru was pleased with you.
You were a tree.
You visited 2 branches of the dungeon, and saw 8 of its levels.

You collected 239 gold pieces.
You spent 44 gold pieces at shops.

Inventory:

Hand Weapons
 h - a +1 dagger of venom
 m - a +0 morningstar of freezing (weapon)
 s - a +0 giant spiked club
Missiles
 g - 15 poisoned darts (quivered)
 j - 3 boomerangs
Armour
 b - a +0 robe (melded)
 c - a +0 hat (melded)
 o - a +1 cloak (melded)
Jewellery
 k - a ring of protection from cold (left branch)
 p - a ring of poison resistance (right branch)
 u - a +6 ring of strength
 v - a +6 ring of dexterity
Wands
 n - a wand of flame (1)
Scrolls
 a - a scroll of fog
 e - a scroll of identify
Potions
 d - a potion of attraction
 f - 4 potions of lignification
 l - a potion of cancellation {unknown}
 r - 2 potions of degeneration
 t - a potion of might {unknown}


   Skills:
 + Level 9.5 Fighting
 * Level 9.5 Maces & Flails
 - Level 2.0 Throwing
 + Level 6.9 Dodging


You had 9 spell levels left.
You didn't know any spells.
Your spell library contained the following spells:

 Spells                   Type           Power      Damage    Failure   Level
 Freeze                   Ice            0%         1d3       38%         1
 Frozen Ramparts          Ice            0%         1d2       77%         3
 Hailstorm                Conj/Ice       0%         3d3       99%         4


Dungeon Overview and Level Annotations

Branches:
Dungeon (7/15)             Temple (1/1) D:4

Altars:
Ashenzari
Cheibriados
Dithmenos
Elyvilon
Fedhas
Gozag
Hepliaklqana
Kikubaaqudgha
Makhleb
Nemelex Xobeh
Okawaru
Qazlal
Ru
Sif Muna
Trog
Uskayaw
Vehumet
Wu Jian
Xom
Yredelemnul
Zin
The Shining One

Shops:
D:5 ?


Innate Abilities, Weirdness & Mutations

You are a tree.
Your roots penetrate the ground, keeping you stationary.
You cannot be teleported.
You are immune to unholy pain and torment.
Your maximum health is greatly increased.
Your equipment is partially melded.
You are too large for most types of armour.
((You have tough skin. (AC +1)))


Message History

You closely miss the killer bee. Your punch misses the killer bee.
You feel sick.
The killer bee stings you but does no damage. x3
The killer bee stings you.
* * * LOW HITPOINT WARNING * * *
Unknown command.
You hit the killer bee but do no damage.
You feel sick. The killer bee stings you!
* * * LOW HITPOINT WARNING * * *
The killer bee stings you but does no damage. x3
You miss the killer bee.
You feel sick. The killer bee barely misses you. The killer bee stings you.
* * * LOW HITPOINT WARNING * * *
The killer bee stings you but does no damage.
The killer bee stings you.
* * * LOW HITPOINT WARNING * * *
You closely miss the killer bee.
You feel sick. The killer bee stings you.
* * * LOW HITPOINT WARNING * * *
The killer bee stings you but does no damage. x3
You barely miss the killer bee.
You feel sick.
The killer bee stings you but does no damage. x3
The killer bee stings you.
* * * LOW HITPOINT WARNING * * *
Okay, then.
You closely miss the killer bee.
You feel sick.
The killer bee stings you but does no damage.
The killer bee stings you.
* * * LOW HITPOINT WARNING * * *
You are lethally poisoned!
The killer bee poisons you!
The killer bee stings you but does no damage. x2
Unknown command.
It was a potion of attraction.
You feel attractive to monsters.
* * * LOW HITPOINT WARNING * * *
You feel sick. The killer bee stings you.
* * * LOW HITPOINT WARNING * * *
The killer bee stings you but does no damage. x3
It was a potion of flight.
Your roots keep you in place.
You die...

#....# ♣.P♣.## ♣≈♣♣..##
♣≈≈♣♣..### ♣♣≈P♣♣♣...#
♣♣♣♣♣≈.♣♣♣♣♣♣.# ###
##♣≈♣PP≈≈≈P♣P♣≈.## ###.## ####
#..≈≈≈≈≈≈.≈≈))...##
#.#..###..####y♣≈≈.♣.≈.≈♣♣♣≈#...
##..........##.y♣♣♣♣♣♣≈≈♣♣♣♣♣....
#.............>..♣♣ ♣P≈P♣..♣.....
##...#.#..........##♣P≈♣♣♣.......
##..####...<.......♣♣≈♣ ###.....
##..#...#...........♣≈.♣ ##.....
.......................####...##.
##...........................###.
###...............##......####..


You could see 2 killer bees.

Vanquished Creatures
  Pikel (D:6)
  5 yaks
  2 steam dragons (D:7)
  3 sky beasts (D:6)
  A black bear (D:5)
  An orc warrior (D:6)
  An ice beast (D:6)
  3 ogres
  Blork the orc (D:6)
  A bullfrog (D:4)
  3 scorpions (D:4)
  A water moccasin skeleton (D:4)
  3 wights
  A crimson imp (D:4)
  A centaur skeleton (D:6)
  2 orc priests
  A bullfrog skeleton (D:6)
  4 hounds
  2 iguanas
  Ijyb (D:3)
  Terence (D:3)
  An orc wizard (D:5)
  8 adders
  3 gnolls (D:5)
  A white imp (D:4)
  2 adder skeletons
  2 dart slugs
  19 orcs
  7 bats
  7 endoplasms
  2 giant cockroaches
  7 goblins
  10 hobgoblins
  4 jackals (D:2)
  A quokka (D:2)
  11 ball pythons
  8 frilled lizards
  9 kobolds
  6 rats
147 creatures vanquished.

Vanquished Creatures (others)
  10 plants (D:6)
10 creatures vanquished.

Grand Total: 157 creatures vanquished

Notes
Turn   | Place    | Note
-------+----------+-------------------------------------------
     0 | D:1      | Infinimo the Ogre Gladiator began the quest for the Orb.
     0 | D:1      | Reached XP level 1. HP: 22/22 MP: 1/1
   113 | D:1      | Reached XP level 2. HP: 17/29 MP: 2/2
   453 | D:1      | Found a faded altar of an unknown god.
   730 | D:1      | Reached XP level 3. HP: 37/37 MP: 3/3
  1542 | D:2      | Found a glowing silver altar of Zin.
  1961 | D:2      | Reached XP level 4. HP: 43/45 MP: 4/4
  2535 | D:3      | Found a blossoming altar of Fedhas.
  2908 | D:3      | Noticed Terence
  2928 | D:3      | Killed Terence
  2929 | D:3      | Reached XP level 5. HP: 40/54 MP: 5/5
  3114 | D:3      | Noticed Ijyb
  3128 | D:3      | Killed Ijyb
  3768 | D:4      | Reached XP level 6. HP: 58/63 MP: 6/6
  3926 | D:4      | Reached skill level 5 in Maces & Flails
  4166 | D:4      | Reached skill level 5 in Fighting
  4355 | D:4      | Reached XP level 7. HP: 67/72 MP: 7/7
  4561 | D:4      | Found a staircase to the Ecumenical Temple.
  4585 | D:4      | Noticed a yak
  4585 | D:4      | Noticed a yak
  4586 | D:4      | Noticed a yak
  4606 | D:4      | Killed a yak
  4836 | D:3      | Killed a yak
  5060 | D:4      | Noticed a yak
  5061 | D:4      | Noticed a yak
  5065 | D:4      | Killed a yak
  5066 | D:4      | Reached XP level 8. HP: 35/84 MP: 8/8
  5092 | D:3      | Killed a yak
  5093 | D:3      | Reached skill level 5 in Dodging
  5330 | D:3      | Killed a yak
  5864 | Temple   | Entered the Ecumenical Temple
  6123 | Temple   | Became a worshipper of Warmaster Okawaru
  6164 | D:5      | Entered Level 5 of the Dungeon
  6358 | D:5      | Found Cakeufax's Magic Scroll Emporium.
  6453 | D:5      | Bought a scroll of identify for 22 gold pieces
  6453 | D:5      | Bought a scroll of identify for 22 gold pieces
  7197 | D:5      | Reached XP level 9. HP: 94/94 MP: 9/9
  7756 | D:6      | Reached * piety under Okawaru
  8428 | D:6      | Noticed Blork the orc
  8436 | D:6      | Killed Blork the orc
  8567 | D:7      | Noticed Pikel
  8583 | D:6      | Killed Pikel
  8583 | D:6      | Reached ** piety under Okawaru
  9566 | D:7      | Reached XP level 10. HP: 67/107 MP: 10/10
 10178 | D:6      | HP: 4/160 [killer bee (6)]
 10180 | D:6      | Succumbed to a killer bee's poison

Illustrated notes

Levels and vault maps discovered:
D:1:      onia_arrival_handbag, layout_basic,
          hellmonk_ecumenical_altar_leap_of_faith, minmay_lizard_pond
D:2:      layout_basic, basic_altar
D:3:      layout_basic, old_standard_altar, uniq_ijyb, uniq_terence
D:4:      layout_loops_ring, minmay_temple_entry_arrows, minmay_fire_ice_demons
D:5:      layout_basic, serial_shops, nicolae_shop_advertising_works
          [nicolae_subvault_shop_adworks]
D:6:      layout_cave_pools, serial_bayou, serial_bayou_shore_a,
          serial_bayou_pond_a, serial_bayou_pond_c, serial_bayou_crossing,
          uniq_blork_the_orc
D:7:      layout_rooms, hangedman_abyss_or_decor_lesser_grid,
          chequers_serial_rivers_micro_c, grunt_decor_resistance, uniq_pikel
Temple:   mainiacjoe_temple_archimedes_tessellation

Skill      XL: |  1  2  3  4  5  6  7  8  9 |
---------------+----------------------------+-----
Maces & Flails | 3 4 5 6 7 9 |  9.5
Fighting       | 3 4 5 6 7 9 |  9.5
Dodging        | 3 4 5 6 |  6.9
Throwing       | |  2.0

Action                   |  1- 3 |  4- 6 |  7- 9 | 10-12 || total
-------------------------+-------+-------+-------+-------++-------
Melee: Dagger            |   126 |   185 |   145 |       ||   456
       Flail             |     5 |       |       |       ||     5
       Punch             |     2 |     2 |     2 |       ||     6
       Morningstar       |       |       |    98 |    15 ||   113
Throw: Dart              |       |     3 |     5 |       ||     8
       Throwing net      |       |     1 |     2 |       ||     3
  Use: Scroll            |     1 |       |     9 |       ||    10
       Potion            |       |       |     1 |     4 ||     5
 Stab: Sleeping          |     1 |       |     1 |       ||     2
       Held in net/web   |       |     1 |       |       ||     1
Armor: Robe              |    44 |    46 |    83 |    12 ||   185
       Skin              |       |       |       |    22 ||    22
Dodge: Dodged            |    73 |    87 |   152 |    31 ||   343
